General information
			
			
        
        - name: BNet
 
        - type: Ladder team game (AT/RT)
 
        - host: Battle.net
 
        - saver: TALONSAREIMBA
 
        
map: Friends 
        - players: 8
 
        - length: 31:53
 
        - speed: Fast
 - version: 1.22 W3XP
 - replay type:  Public
 
» download(289 KB)
Players
        team 1 (winner) 
              
              
298739283939208 (
red | 26 APM | 829 actions | 31:53)
              
 1 Priestess of the Moon 
 1 Searing Arrows
 
                » actions 
                
                | Assign group hotkey | 21 |  | 
| Build / train | 23 |  | 
| Enter build submenu | 8 |  | 
| Enter hero's abilities submenu | 1 |  | 
| Right click | 253 |  | 
| Select / deselect | 317 |  | 
| Select group hotkey | 185 |  | 
| Use ability | 20 |  | 
                829 total
 » units 
                » upgrades
                » buildings
                
                | Tree of Ages | 1 |  | 
| Moon Well | 4 |  | 
| Hunter's Hall | 1 |  | 
| Ancient of Wind | 3 |  | 
                9 total
 » build order
                21:40 Tree of Ages
22:33 Moon Well
22:35 Moon Well
22:38 Moon Well
22:44 Moon Well
23:04 Hunter's Hall
24:44 Ancient of Wind
24:47 Ancient of Wind
24:49 Ancient of Wind
 
               
              
              
» 
cookie_monster (
purple | 65 APM | 2065 actions | 31:53)
              
 7 Death Knight 
 3 Death Coil
 3 Unholy Aura
 1 Animate Dead
 5 Lich 
 3 Frost Nova
 2 Dark Ritual
 3 Dreadlord 
 1 Sleep
 2 Carrion Swarm
 
                » actions 
                
                | Assign group hotkey | 51 |  | 
| Basic commands | 26 |  | 
| Build / train | 99 |  | 
| ESC pressed | 2 |  | 
| Enter build submenu | 45 |  | 
| Enter hero's abilities submenu | 15 |  | 
| Give item / drop item | 3 |  | 
| Right click | 785 |  | 
| Select / deselect | 463 |  | 
| Select group hotkey | 436 |  | 
| Use ability | 140 |  | 
                2065 total
 » units 
                
                | Acolyte | 24 |  | 
| Ghoul | 2 |  | 
| Crypt Fiend | 7 |  | 
| Frost Wyrm | 12 |  | 
| Chimaera | 2 |  | 
                47 total
 » upgrades
                
                | Creature Attack | 3 |  | 
| Burrow | 1 |  | 
| Web | 1 |  | 
| Creature Carapace | 3 |  | 
| Freezing Breath | 1 |  | 
                9 total
 » buildings
                
                | Graveyard | 1 |  | 
| Crypt | 2 |  | 
| Ziggurat | 25 |  | 
| Altar of Darkness | 1 |  | 
| Tomb of Relics | 2 |  | 
| Nerubian Tower | 2 |  | 
| Spirit Tower | 8 |  | 
| Halls of the Dead | 1 |  | 
| Black Citadel | 1 |  | 
| Sacrificial Pit | 1 |  | 
| Boneyard | 3 |  | 
                47 total
 » build order
                00:09 Graveyard
00:13 Crypt
00:24 Ziggurat
00:30 Crypt
00:47 Altar of Darkness
01:02 Tomb of Relics
01:21 Nerubian Tower
01:29 Ziggurat
02:26 Ziggurat
02:42 Ziggurat
03:20 Ziggurat
03:41 Spirit Tower
04:49 Halls of the Dead
05:25 Spirit Tower
05:48 Ziggurat
05:50 Ziggurat
06:47 Spirit Tower
06:51 Nerubian Tower
06:51 Spirit Tower
07:16 Black Citadel
08:18 Sacrificial Pit
09:42 Boneyard
09:43 Boneyard
10:33 Boneyard
11:12 Ziggurat
11:14 Ziggurat
11:15 Ziggurat
13:41 Spirit Tower
13:42 Ziggurat
13:44 Ziggurat
13:48 Ziggurat
13:49 Ziggurat
13:51 Ziggurat
14:03 Ziggurat
14:06 Ziggurat
16:12 Ziggurat
16:14 Ziggurat
16:33 Ziggurat
16:36 Ziggurat
17:05 Ziggurat
17:07 Ziggurat
20:52 Ziggurat
20:56 Ziggurat
21:29 Spirit Tower
21:36 Tomb of Relics
21:53 Spirit Tower
23:31 Spirit Tower
» items
                
                | Rod of Necromancy | 4 |  | 
| Potion of Mana | 3 |  | 
| Potion of Healing | 1 |  | 
| Orb of Corruption | 1 |  | 
| Scroll of Healing | 1 |  | 
| Scroll of Town Portal | 3 |  | 
                13 total
  
               
              
              
TALONSAREIMBA (
yellow | 106 APM | 3394 actions | 31:53)
              
 8 Death Knight 
 3 Death Coil
 3 Unholy Aura
 1 Animate Dead
 1 Death Pact
 8 Lich 
 3 Frost Nova
 3 Dark Ritual
 1 Death and Decay
 1 Frost Armor
 7 Dreadlord 
 3 Sleep
 3 Carrion Swarm
 1 Inferno
 
                » actions 
                
                | Assign group hotkey | 35 |  | 
| Basic commands | 309 |  | 
| Build / train | 87 |  | 
| Enter build submenu | 13 |  | 
| Enter hero's abilities submenu | 28 |  | 
| Right click | 1369 |  | 
| Select / deselect | 660 |  | 
| Select group hotkey | 728 |  | 
| Use ability | 165 |  | 
                3394 total
 » units 
                
                | Acolyte | 5 |  | 
| Ghoul | 3 |  | 
| Crypt Fiend | 11 |  | 
| Frost Wyrm | 8 |  | 
| Obsidian Statue | 4 |  | 
                31 total
 » upgrades
                
                | Burrow | 1 |  | 
| Web | 1 |  | 
| Creature Attack | 3 |  | 
| Destroyer Form | 1 |  | 
| Creature Carapace | 3 |  | 
| Freezing Breath | 1 |  | 
                10 total
 » buildings
                
                | Crypt | 1 |  | 
| Graveyard | 1 |  | 
| Altar of Darkness | 1 |  | 
| Ziggurat | 6 |  | 
| Tomb of Relics | 1 |  | 
| Nerubian Tower | 1 |  | 
| Spirit Tower | 3 |  | 
| Halls of the Dead | 2 |  | 
| Black Citadel | 3 |  | 
| Sacrificial Pit | 1 |  | 
| Boneyard | 1 |  | 
| Slaughterhouse | 1 |  | 
                22 total
 » build order
                00:06 Crypt
00:18 Graveyard
00:42 Altar of Darkness
00:58 Ziggurat
01:34 Tomb of Relics
01:57 Ziggurat
02:55 Nerubian Tower
03:13 Spirit Tower
04:55 Halls of the Dead
04:55 Halls of the Dead
05:35 Ziggurat
06:58 Ziggurat
07:00 Spirit Tower
08:25 Black Citadel
08:26 Black Citadel
09:19 Ziggurat
09:22 Sacrificial Pit
11:35 Boneyard
11:38 Ziggurat
12:33 Spirit Tower
12:40 Slaughterhouse
» items
                
                | Rod of Necromancy | 2 |  | 
| Potion of Mana | 1 |  | 
| Potion of Healing | 3 |  | 
| Scroll of Town Portal | 3 |  | 
| Orb of Corruption | 1 |  | 
                10 total
  
               
              
              
» 
TIMG4STRok (
blue | 110 APM | 2926 actions | 26:33)
              
 7 Priestess of the Moon 
 3 Trueshot Aura
 3 Scout
 1 Starfall
 
                » actions 
                
                | Assign group hotkey | 22 |  | 
| Basic commands | 89 |  | 
| Build / train | 79 |  | 
| ESC pressed | 6 |  | 
| Enter build submenu | 21 |  | 
| Enter hero's abilities submenu | 8 |  | 
| Right click | 1347 |  | 
| Select / deselect | 234 |  | 
| Select group hotkey | 1060 |  | 
| Use ability | 60 |  | 
                2926 total
 » units 
                
                | Wisp | 24 |  | 
| Huntress | 4 |  | 
| Chimaera | 14 |  | 
| Glaive Thrower | 1 |  | 
                43 total
 » upgrades
                
                | Strength of the Wild | 3 |  | 
| Reinforced Hides | 3 |  | 
| Ultravision | 1 |  | 
| Well Spring | 1 |  | 
| Nature's Blessing | 1 |  | 
| Corrosive Breath | 1 |  | 
| Vorpal Blades | 1 |  | 
| Strength of the Moon | 1 |  | 
| Moon Armor | 1 |  | 
                13 total
 » buildings
                
                | Altar of Elders | 1 |  | 
| Moon Well | 8 |  | 
| Hunter's Hall | 1 |  | 
| Ancient of War | 1 |  | 
| Tree of Ages | 1 |  | 
| Tree of Eternity | 1 |  | 
| Ancient of Wind | 1 |  | 
| Ancient of Wonders | 1 |  | 
| Chimaera Roost | 2 |  | 
| Tree of Life | 1 |  | 
| Ancient Protector | 3 |  | 
                21 total
 » build order
                00:08 Altar of Elders
00:22 Moon Well
03:01 Hunter's Hall
03:26 Ancient of War
03:48 Moon Well
04:35 Tree of Ages
05:31 Moon Well
05:34 Moon Well
06:06 Moon Well
07:39 Tree of Eternity
07:46 Ancient of Wind
07:52 Moon Well
09:31 Moon Well
09:37 Moon Well
09:54 Ancient of Wonders
10:13 Chimaera Roost
10:15 Chimaera Roost
11:33 Tree of Life
23:56 Ancient Protector
23:58 Ancient Protector
24:02 Ancient Protector
» items
                
                | Orb of Venom | 1 |  | 
| Scroll of Town Portal | 4 |  | 
| Potion of Healing | 2 |  | 
| Rod of Necromancy | 1 |  | 
| Scroll of Healing | 1 |  | 
                9 total
  
               team 2 (loser) 
              
              
cheeseofages (
orange | 60 APM | 1904 actions | 31:52)
              
 5 Priestess of the Moon 
 1 Searing Arrows
 3 Trueshot Aura
 1 Scout
 3 Keeper of the Grove 
 2 Entangling Roots
 1 Thorns Aura
 
                » actions 
                
                | Assign group hotkey | 24 |  | 
| Basic commands | 133 |  | 
| Build / train | 58 |  | 
| Enter build submenu | 16 |  | 
| Enter hero's abilities submenu | 8 |  | 
| Right click | 801 |  | 
| Select / deselect | 537 |  | 
| Select group hotkey | 281 |  | 
| Use ability | 44 |  | 
                1904 total
 » units 
                
                | Wisp | 13 |  | 
| Huntress | 6 |  | 
| Dryad | 18 |  | 
| Glaive Thrower | 2 |  | 
                39 total
 » upgrades
                
                | Sentinel | 1 |  | 
| Strength of the Wild | 2 |  | 
| Abolish Magic | 1 |  | 
| Reinforced Hides | 2 |  | 
| Druid of the Claw Training | 1 |  | 
                7 total
 » buildings
                
                | Altar of Elders | 1 |  | 
| Moon Well | 8 |  | 
| Hunter's Hall | 1 |  | 
| Ancient of War | 2 |  | 
| Tree of Ages | 1 |  | 
| Ancient of Lore | 3 |  | 
| Tree of Eternity | 1 |  | 
                17 total
 » build order
                00:11 Altar of Elders
00:25 Moon Well
01:18 Moon Well
02:00 Hunter's Hall
02:22 Ancient of War
02:56 Ancient of War
03:03 Moon Well
04:02 Moon Well
05:33 Tree of Ages
06:23 Moon Well
07:43 Moon Well
08:18 Ancient of Lore
08:22 Ancient of Lore
10:41 Tree of Eternity
13:56 Moon Well
17:04 Moon Well
18:14 Ancient of Lore
 
               
              
              
Dota.Ftl (
pink | 63 APM | 1996 actions | 31:48)
              
 3 Dark Ranger 
 2 Black Arrow
 1 Silence
 3 Death Knight 
 2 Death Coil
 1 Unholy Aura
 
                » actions 
                
                | Assign group hotkey | 108 |  | 
| Basic commands | 1 |  | 
| Build / train | 49 |  | 
| Enter build submenu | 12 |  | 
| Enter hero's abilities submenu | 6 |  | 
| Give item / drop item | 3 |  | 
| Right click | 943 |  | 
| Select / deselect | 343 |  | 
| Select group hotkey | 471 |  | 
| Use ability | 58 |  | 
                1996 total
 » units 
                
                | Acolyte | 6 |  | 
| Ghoul | 2 |  | 
| Crypt Fiend | 10 |  | 
| Obsidian Statue | 11 |  | 
| Goblin Zeppelin | 1 |  | 
                30 total
 » upgrades
                
                | Web | 1 |  | 
| Creature Attack | 3 |  | 
| Destroyer Form | 1 |  | 
| Creature Carapace | 1 |  | 
                6 total
 » buildings
                
                | Graveyard | 1 |  | 
| Crypt | 1 |  | 
| Ziggurat | 7 |  | 
| Tomb of Relics | 1 |  | 
| Altar of Darkness | 1 |  | 
| Halls of the Dead | 1 |  | 
| Nerubian Tower | 1 |  | 
| Slaughterhouse | 2 |  | 
| Black Citadel | 1 |  | 
| Necropolis | 1 |  | 
                17 total
 » build order
                00:25 Graveyard
00:29 Crypt
00:41 Ziggurat
00:58 Tomb of Relics
01:13 Ziggurat
01:23 Altar of Darkness
01:56 Ziggurat
04:18 Halls of the Dead
05:21 Ziggurat
05:23 Ziggurat
06:11 Ziggurat
06:17 Nerubian Tower
06:50 Slaughterhouse
06:51 Slaughterhouse
08:49 Black Citadel
09:38 Ziggurat
20:21 Necropolis
» items
                
                | Rod of Necromancy | 1 |  | 
| Potion of Healing | 1 |  | 
                2 total
  
               
              
              
Humans_Wrath (
green | 99 APM | 3130 actions | 31:43)
              
 5 Archmage 
 3 Summon Water Elemental
 2 Brilliance Aura
 4 Mountain King 
 2 Storm Bolt
 2 Bash
 3 Paladin 
 2 Holy Light
 1 Divine Shield
 
                » actions 
                
                | Assign group hotkey | 37 |  | 
| Basic commands | 42 |  | 
| Build / train | 86 |  | 
| Enter build submenu | 22 |  | 
| Enter hero's abilities submenu | 12 |  | 
| Remove unit from queue | 5 |  | 
| Right click | 1647 |  | 
| Select / deselect | 570 |  | 
| Select group hotkey | 556 |  | 
| Use ability | 153 |  | 
                3130 total
 » units 
                
                | Peasant | 8 |  | 
| Footman | 10 |  | 
| Sorceress | 4 |  | 
| Priest | 9 |  | 
| Forest Troll Shadow Priest | 3 |  | 
| Spell Breaker | 5 |  | 
| Goblin Sapper | 2 |  | 
                41 total
 » upgrades
                
                | Defend | 1 |  | 
| Sorceress Training | 1 |  | 
| Priest Training | 1 |  | 
                3 total
 » buildings
                
                | Altar of Kings | 1 |  | 
| Barracks | 1 |  | 
| Farm | 12 |  | 
| Lumber Mill | 1 |  | 
| Keep | 2 |  | 
| Arcane Sanctum | 2 |  | 
| Arcane Vault | 1 |  | 
| Castle | 2 |  | 
| Blacksmith | 2 |  | 
| Gryphon Aviary | 1 |  | 
| Town Hall | 1 |  | 
                26 total
 » build order
                00:11 Altar of Kings
00:26 Barracks
00:40 Farm
00:56 Farm
01:45 Farm
01:59 Lumber Mill
03:41 Keep
06:14 Farm
06:15 Arcane Sanctum
06:16 Arcane Sanctum
06:22 Farm
07:04 Arcane Vault
07:54 Farm
07:55 Farm
08:41 Farm
08:43 Farm
08:54 Farm
09:55 Farm
12:25 Farm
19:17 Castle
19:17 Castle
22:50 Blacksmith
22:52 Blacksmith
25:17 Gryphon Aviary
27:38 Town Hall
» items
                
                | Health Stone | 1 |  | 
| Scroll of Town Portal | 3 |  | 
| Potion of Healing | 2 |  | 
| Scroll of Regeneration | 3 |  | 
| Lesser Clarity Potion | 1 |  | 
                10 total
  
               
              
              
NightRex (
teal | 84 APM | 2678 actions | 31:47)
              
 7 Mountain King 
 3 Storm Bolt
 3 Bash
 1 Avatar
 
                » actions 
                
                | Assign group hotkey | 36 |  | 
| Basic commands | 21 |  | 
| Build / train | 76 |  | 
| Enter build submenu | 31 |  | 
| Enter hero's abilities submenu | 7 |  | 
| Give item / drop item | 1 |  | 
| Remove unit from queue | 7 |  | 
| Right click | 1256 |  | 
| Select / deselect | 447 |  | 
| Select group hotkey | 682 |  | 
| Use ability | 114 |  | 
                2678 total
 » units 
                
                | Peasant | 10 |  | 
| Footman | 10 |  | 
| Goblin Zeppelin | 1 |  | 
| Knight | 7 |  | 
| Gryphon Rider | 7 |  | 
| Dragonhawk Rider | 13 |  | 
                48 total
 » upgrades
                
                | Defend | 1 |  | 
| Swords | 2 |  | 
| Plating | 1 |  | 
| Animal War Training | 1 |  | 
| Storm Hammers | 1 |  | 
| Cloud | 1 |  | 
| Armor | 1 |  | 
                8 total
 » buildings
                
                | Altar of Kings | 1 |  | 
| Farm | 14 |  | 
| Barracks | 2 |  | 
| Lumber Mill | 1 |  | 
| Keep | 1 |  | 
| Arcane Vault | 1 |  | 
| Blacksmith | 1 |  | 
| Castle | 1 |  | 
| Gryphon Aviary | 2 |  | 
| Scout Tower | 2 |  | 
| Guard Tower | 1 |  | 
| Town Hall | 1 |  | 
                28 total
 » build order
                00:06 Altar of Kings
00:09 Farm
00:38 Barracks
01:01 Farm
01:56 Barracks
03:04 Farm
03:08 Lumber Mill
05:34 Keep
06:19 Arcane Vault
07:24 Blacksmith
08:15 Farm
09:13 Castle
09:19 Gryphon Aviary
09:24 Gryphon Aviary
10:37 Scout Tower
11:18 Scout Tower
11:48 Guard Tower
11:54 Farm
12:20 Farm
12:22 Farm
12:39 Farm
17:12 Farm
17:14 Farm
17:15 Farm
17:24 Farm
19:35 Town Hall
20:25 Farm
22:58 Farm
» items
                
                | Book of the Dead | 1 |  | 
| Scroll of Regeneration | 1 |  | 
                2 total
  
                Chat log
          (00:12 / Allies) TALONSAREIMBA: she said boy you crazy i said
(00:15 / Allies) TALONSAREIMBA: naw im schwayze
(00:19 / All) TIMG4STRok: hold on plz.....
(00:20 / Allies) TIMG4STRok: yeah
(00:35 / All) Dota.Ftl: gk hf
(00:54 / Allies) TALONSAREIMBA: i never know how to build on this map cookie
(01:07 / Allies) cookie_monster: ok
(01:19 / Allies) TALONSAREIMBA: u protect ur mine but den
(01:22 / Allies) TALONSAREIMBA: uir hall is wide open
(01:23 / Allies) TALONSAREIMBA: so i dunno
(01:53 / Allies) TALONSAREIMBA: 1d2f
(02:28 / Allies) TALONSAREIMBA: woo weee
(03:14 / Allies) TIMG4STRok: they rushing top
(03:38 / Allies) cookie_monster: thats why u block your mine
(03:44 / Allies) TIMG4STRok: shar
(03:45 / Allies) TIMG4STRok: e
(05:16 / Allies) cookie_monster: towers
(06:38 / Allies) cookie_monster: feed me wood corr
(06:59 / Allies) 298739283939208: didnt finish my shit cooks
(07:12 / Allies) cookie_monster: interesting
(07:20 / Allies) 298739283939208: wiped early
(07:25 / Allies) 298739283939208: to come and see if we found
(07:26 / Allies) cookie_monster: wood noobelf
(08:18 / Allies) TIMG4STRok: come creep
(09:47 / Allies) TALONSAREIMBA: expecting a carry greg
(09:49 / Allies) TALONSAREIMBA: ud with an expo
(10:35 / Allies) TIMG4STRok: come
(12:16 / Allies) TIMG4STRok: gold
(12:34 / Allies) 298739283939208: OK TAKING A SHIT
(12:38 / Allies) 298739283939208: ILL BE BACK WITH 10K GOLD
(13:20 / Allies) cookie_monster: ]b
(13:42 / Allies) TALONSAREIMBA: getting dest
(14:57 / Allies) TIMG4STRok: sjare
(14:58 / Allies) TIMG4STRok: share
(14:58 / Allies) TIMG4STRok: please
(15:49 / Allies) TALONSAREIMBA: wow cooks
(15:51 / Allies) TALONSAREIMBA: tt
(15:53 / Allies) cookie_monster: no mana
(17:19 / Allies) cookie_monster: alright
(17:22 / Allies) cookie_monster: i need corr's shit
(17:26 / Allies) TALONSAREIMBA: afk
(17:27 / Allies) TIMG4STRok: we all do
(18:04 / Allies) TALONSAREIMBA: closer than i wanted it to be greg
(18:46 / Allies) TALONSAREIMBA: yads
(19:03 / Allies) cookie_monster: hit
(19:08 / Allies) TALONSAREIMBA: whom
(19:12 / Allies) TALONSAREIMBA: the ud base
(19:13 / Allies) cookie_monster: anyone
(19:21 / Allies) TALONSAREIMBA: he has sentry
(19:22 / Allies) TALONSAREIMBA: this kid
(19:26 / Allies) TALONSAREIMBA: asdas
(20:19 / Allies) TALONSAREIMBA: i got u
(21:11 / Allies) cookie_monster: takes you a while to take a shit corr
(21:17 / Allies) TALONSAREIMBA: kik
(21:19 / Allies) 298739283939208: HAD DIHAEERRRA
(21:31 / Allies) TALONSAREIMBA: make two shops
(21:33 / Allies) 298739283939208: PLUS I LIKE
(21:37 / Allies) 298739283939208: TO ENJOY MY SHIT
(21:43 / Allies) cookie_monster: hit top
(22:12 / Allies) cookie_monster: c me
(22:12 / Allies) 298739283939208: SAVED UR DK
(22:21 / Allies) 298739283939208: WITH POT ACTION
(22:28 / Allies) cookie_monster: wood
(23:10 / Allies) cookie_monster: souc eme corr
(23:19 / Allies) 298739283939208: teching hippo
(23:20 / Allies) 298739283939208: lol
(23:44 / Allies) cookie_monster: come now
(24:23 / Allies) cookie_monster: come blue
(25:12 / Allies) cookie_monster: dont leave w/o that mk
(26:33 / Allies) 298739283939208: get him
(26:33 / Allies) 298739283939208: lol
(26:48 / Allies) cookie_monster: mass rad behind u
(28:21 / Allies) 298739283939208: CORR UNIT KILL 1
(29:11 / Allies) cookie_monster: tahisnks corr
(29:15 / Allies) 298739283939208: ^^
(29:48 / Allies) cookie_monster: i got act and homecoming tommrow corr
(29:49 / All) TALONSAREIMBA: Infernal - highest dps unit in the game
(29:49 / Allies) cookie_monster: busy day
(29:55 / Allies) TALONSAREIMBA: lol act
(30:04 / Allies) 298739283939208: ;\
(30:23 / Allies) cookie_monster: listening to the song miracle by cascada
(30:27 / Allies) TALONSAREIMBA: sweet
(30:28 / Allies) cookie_monster: demon used to listen to that
(30:37 / Allies) 298739283939208: yeah
(31:48 / All) cheeseofages: gg